 Dungeon Crawl Stone Soup version 0.22.1-1-ga44c0e56f4 (webtiles) character file.

1388 Jukra the Cleaver (level 8, -7/69 HPs)
             Began as a Minotaur Fighter on Sept 23, 2018.
             Was an Initiate of Trog.
             Killed from afar by Maurice (23 damage)
             ... with a wand of acid (6)
             ... on level 8 of the Dungeon.
             The game lasted 00:26:24 (4440 turns).

Jukra the Cleaver (Minotaur Fighter)                Turns: 4440, Time: 00:26:25

Health: -7/69      AC: 13    Str: 24    XL:     8   Next: 40%
Magic:  7/7        EV:  8    Int:  5    God:    Trog [......]
Gold:   90         SH: 14    Dex:  9    Spells: 7/7 levels left

rFire    . . .     SeeInvis .   a - +0 war axe
rCold    . . .     Gourm    .   c - +0 shield
rNeg     + . .     Faith    .   G - +0 chain mail
rPois    .         Spirit   .   (helmet restricted)
rElec    .         Reflect  +   t - +0 cloak
rCorr    .         Harm     .   (no gloves)
MR       .....                  C - +0 pair of boots
Stlth    ..........             x - +4 amulet of reflection
HPRegen  0.21/turn              i - +5 ring of protection
MPRegen  0.10/turn              A - ring of positive energy

@: corroded
A: retaliatory headbutt, horns 2
a: Renounce Religion


You were on level 8 of the Dungeon.
You worshipped Trog.
Trog was noncommittal.
You were not hungry.

You visited 2 branches of the dungeon, and saw 8 of its levels.

You collected 290 gold pieces.
You spent 200 gold pieces at shops.

Inventory:

Hand Weapons
 a - a +0 war axe (weapon)
 z - a +1 vampiric trident
Missiles
 h - 2 poisoned javelins
 r - 2 tomahawks (quivered)
Armour
 c - a +0 shield (worn)
 t - a +0 cloak (worn)
 C - a +0 pair of boots (worn)
 G - a +0 chain mail (worn)
Magical Staves
 s - an uncursed staff of cold
 w - an uncursed staff of energy {unknown}
Jewellery
 i - a +5 ring of protection (left hand)
 q - an uncursed ring of ice
 x - a +4 amulet of reflection (around neck)
 A - a ring of positive energy (right hand)
Wands
 D - a wand of random effects (30)
Scrolls
 g - 5 scrolls of remove curse {unknown}
 j - 5 scrolls of teleportation {unknown}
 k - a scroll of noise {unknown}
 l - a scroll of fear {unknown}
 y - a scroll of identify {unknown}
 E - a scroll of fog {unknown}
 H - a scroll of enchant armour {unknown}
Potions
 b - a potion of brilliance {unknown}
 d - a potion of might
 e - a potion of haste {unknown}
 m - 2 potions of heal wounds {unknown}
 n - 2 potions of lignification {unknown}
 o - 4 potions of mutation {unknown}
 p - a potion of resistance {unknown}
 u - a potion of invisibility {unknown}
 v - a potion of berserk rage {unknown}
Miscellaneous
 F - a box of beasts
Comestibles
 f - 11 rations


   Skills:
 + Level 5.5 Fighting
 + Level 8.3 Axes
 + Level 5.9 Armour
 + Level 3.2 Dodging
 + Level 0.2 Stealth
 + Level 6.9 Shields
 + Level 0.2 Evocations


You had 7 spell levels left.
You didn't know any spells.
Your spell library was empty.

Dungeon Overview and Level Annotations

Branches:
Dungeon (8/15)             Temple (1/1) D:5
   Lair: D:8-11

Altars:
Ashenzari
Cheibriados
Dithmenos
Fedhas
Gozag
Hepliaklqana
Makhleb
Nemelex Xobeh
Okawaru
Qazlal
Ru
Sif Muna
Trog
Uskayaw
Wu Jian
Xom
Zin

Shops:
D:6 }

Annotations:
D:8 Maurice


Innate Abilities, Weirdness & Mutations

You reflexively headbutt those who attack you in melee.
You have a pair of horns on your head.


Message History

The acid burns!
Something hits you but does no damage. Something hits you.
Something steals your hand axe of electrocution!
Something hits you but does no damage.
You hear a zap.
A bolt of acid appears from out of thin air!
The bolt of acid misses you.
You hear a zap.
A bolt of acid appears from out of thin air!
The bolt of acid hits you!
You are splashed with acid!
The acid burns!
* * * LOW HITPOINT WARNING * * *
Things that are here:
a shortbow; 20 arrows; a centaur corpse Something hits you but does no damage.
You miss something.
You hear a zap.
A bolt of acid appears from out of thin air!
The bolt of acid hits you!
You die...

#.#.## ##.......
####....## ##.....#
.........## ##...##
#.##(......## ##+##
#.........#####.###
##.......##........ #
##.....###.###.###
#.####..(## ##...##
#..)@{..#####.#.....#
#######....>.........
#######.###.### #.
#.# # #.###.###
#..._.... ####..###
######## ##.#
#......######.###


There were no monsters in sight!

Vanquished Creatures
  A water moccasin (D:8)
  A sky beast (D:6)
  A black bear (D:3)
  The ghost of Sotto the Magician, an amateur DEFE (D:3)
  A bullfrog (D:8)
  A scorpion (D:5)
  A quasit (D:6)
  A crimson imp (D:6)
  3 hounds
  A jelly (D:6)
  A bullfrog skeleton (D:5)
  2 orc priests (D:5)
  An orc wizard (D:4)
  Crazy Yiuf (D:6)
  3 iguanas
  6 worker ants
  A howler monkey skeleton (D:8)
  10 adders
  3 worms
  7 dart slugs
  A leopard gecko (D:1)
  13 orcs
  A ball python (D:4)
  6 bats
  2 giant cockroaches (D:1)
  7 goblins
  12 hobgoblins
  5 jackals
  8 kobolds
  2 quokkas
  8 frilled lizards
  9 rats
121 creatures vanquished.

Vanquished Creatures (others)
  2 centaurs
2 creatures vanquished.

Grand Total: 123 creatures vanquished

Notes
Turn   | Place    | Note
-------+----------+-------------------------------------------
     0 | D:1      | Jukra the Minotaur Fighter began the quest for the Orb.
     0 | D:1      | Reached XP level 1. HP: 19/19 MP: 0/0
   183 | D:1      | Reached XP level 2. HP: 27/27 MP: 1/1
   607 | D:1      | Reached skill level 3 in Axes
   624 | D:1      | Reached XP level 3. HP: 33/33 MP: 2/2
  1120 | D:2      | Found a hazy altar of Hepliaklqana.
  1537 | D:3      | Found a blossoming altar of Fedhas.
  1607 | D:3      | Reached XP level 4. HP: 40/40 MP: 3/3
  1622 | D:3      | Noticed a black bear
  1633 | D:3      | Killed a black bear
  1633 | D:3      | Reached skill level 4 in Axes
  1633 | D:3      | Reached XP level 5. HP: 35/46 MP: 4/4
  1633 | D:3      | Reached skill level 1 in Dodging
  1687 | D:3      | Reached skill level 5 in Shields
  2192 | D:3      | Found a large runed door.
  2192 | D:3      | Found a large runed door.
  2195 | D:3      | Noticed Sotto's ghost (amateur DEFE)
  2211 | D:3      | Killed Sotto's ghost
  2211 | D:3      | Reached skill level 5 in Axes
  2211 | D:3      | Reached XP level 6. HP: 53/53 MP: 5/5
  2758 | D:4      | Reached XP level 7. HP: 58/60 MP: 6/6
  2883 | D:5      | Entered Level 5 of the Dungeon
  2886 | D:5      | Reached skill level 6 in Axes
  2895 | D:5      | Reached skill level 5 in Armour
  3019 | D:5      | Reached skill level 5 in Fighting
  3031 | D:5      | Found a staircase to the Ecumenical Temple.
  3053 | Temple   | Entered the Ecumenical Temple
  3135 | Temple   | Became a worshipper of Trog the Wrathful
  3388 | D:5      | Found a stormy altar of Qazlal.
  3451 | D:5      | Found a burning altar of Makhleb.
  3456 | D:5      | Reached skill level 7 in Axes
  3913 | D:6      | Found Edebbikhuinn's Gadget Shoppe.
  3928 | D:6      | Reached XP level 8. HP: 67/68 MP: 7/7
  3932 | D:6      | Bought a box of beasts for 200 gold pieces
  4049 | D:6      | Found a runed door.
  4103 | D:6      | Noticed Crazy Yiuf
  4105 | D:6      | Killed Crazy Yiuf
  4183 | D:6      | You fall through a shaft for 2 floors!
  4232 | D:8      | Reached skill level 8 in Axes
  4324 | D:8      | Found an ornate altar of the Wu Jian Council.
  4427 | D:8      | Noticed Maurice
  4440 | D:8      | Killed from afar by Maurice

Skill      XL: |  1  2  3  4  5  6  7  8 |
---------------+-------------------------+-----
Armour         | 4 5 |  5.9
Axes           | 3 4 5 7 8 |  8.3
Shields        | 4 5 6 |  6.9
Fighting       | 4 5 |  5.5
Dodging        | 2 3 |  3.2
Stealth        | |  0.2
Evocations     | |  0.2

Action                   |  1- 3 |  4- 6 |  7- 9 || total
-------------------------+-------+-------+-------++-------
Melee: War axe           |    98 |   141 |    94 ||   333
       Headbutt          |     9 |    22 |    15 ||    46
       Staff             |       |     6 |       ||     6
Evoke: Wand              |       |       |     1 ||     1
       Box of beasts     |       |       |     1 ||     1
  Eat: Chunk             |     2 |     1 |     5 ||     8
       Ration            |       |     1 |       ||     1
Armor: Scale mail        |    49 |    76 |    43 ||   168
       Chain mail        |       |       |     8 ||     8
Dodge: Dodged            |    34 |    58 |    43 ||   135
Block: Shield            |    67 |    78 |    67 ||   212
       Reflection        |       |       |     5 ||     5
